 Dungeon Crawl Stone Soup version 0.14-a0-3329-g86b2fc4 (webtiles) character file.

698 Kae the Basher (level 7, -1/57 HPs)
             Began as a Minotaur Fighter on Mar 16, 2014.
             Slain by a worm (9 damage)
             ... in a sewer.
             The game lasted 00:04:48 (3746 turns).

Kae the Basher (Minotaur Fighter)                   Turns: 3746, Time: 00:04:48

HP  -1/57        AC  6     Str 21      XL: 7   Next:  2%
MP   3/3         EV  6     Int  7      God:
Gold 176         SH 18     Dex  9      Spells:  0 memorised,  6 levels left

rFire  x . .     SeeInvis .     a - +0 flail
rCold  + . .     Clarity  .     b - +0 scale mail
rNeg   . . .     Conserve .     c - +0 shield
rPois  .         rCorr    .     (helmet restricted)
rElec  .         rRot     .     (no cloak)
SustAb . .       Spirit   .     (no gloves)
rMut   .         Warding  .     (no boots)
Saprov . . .     Stasis   .     (no amulet)
MR     .....                    s - ring of sustenance
                                p - ring of ice

@: not resistant to hostile enchantments, extremely unstealthy
A: retaliatory headbutt, horns 2
a: no special abilities


You were in a sewer.
You were not hungry.

You visited 1 branch of the dungeon, and saw 4 of its levels.
You also visited: Sewer.

You collected 176 gold pieces.

Inventory:

Hand weapons
 a - a +0,+0 flail (weapon)
Armour
 b - a +0 scale mail (worn)
 c - a +0 shield (worn)
Comestibles
 d - a bread ration
 g - a sausage
 l - 3 chokos
Scrolls
 f - 2 scrolls of identify
 h - 2 scrolls of enchant weapon I {unknown}
 j - 3 scrolls of magic mapping {unknown}
 k - a scroll of fog {unknown}
 q - 2 scrolls of recharging {unknown}
 t - a scroll of noise {unknown}
 u - a scroll of remove curse {unknown}
 w - a scroll of amnesia {unknown}
Jewellery
 p - a ring of ice (left hand)
 s - a ring of sustenance (right hand)
Potions
 e - 3 potions of heal wounds
 i - a potion of flight {unknown}
 m - 2 potions of agility
 n - 2 potions of brilliance
 o - 4 potions of curing {unknown}
 r - a potion of degeneration {unknown}
 v - a potion of magic {unknown}


   Skills:
 - Level 3.6 Fighting
 + Level 9.2 Maces & Flails
 - Level 3.6 Armour
 - Level 3.6 Shields


You had 6 spell levels left.
You didn't know any spells.

Dungeon Overview and Level Annotations

Branches:
Dungeon (4/15)
 Temple: D:4-7

Altars:
Dithmenos
Makhleb
Yredelemnul
The Shining One


Innate Abilities, Weirdness & Mutations

You reflexively headbutt those who attack you in melee.
You have a pair of horns on your head.


Message History

You hear a splash.
The worm bites you.
Your unstable footing causes you to fumble your attack.
You hit the worm. Your headbutt misses the worm.
The worm is lightly wounded.
The worm completely misses you.
You sock the worm! Your headbutt misses the worm.
The worm is moderately wounded.
The big kobold shoots a bolt.
You block the bolt.
You hear a splash.
Your unstable footing causes you to fumble your attack.
You block the worm's attack.
The big kobold shoots a bolt.
You block the bolt.
You hear a splash.
You hit the worm.
The worm is severely wounded.
The big kobold shoots a bolt.
The bolt hits you!
* * * LOW HITPOINT WARNING * * *
You hear a splash.
The worm bites you!
You die...

#..≈##
##.≈≈#
#.≈.#
#≈..#
#.≈≈#
#...#
#.≈≈##
##≈≈≈##
≈≈≈≈≈#
#≈....#
≈###≈#
#≈###(#
≈# #≈#
#. #(#
≈###%##
#≈
##.##
≈≈#≈%≈#
≈≈
#≈@≈#
#≈#≈#≈#
#w#≈#
#≈#≈#≈#
#≈ K#
#≈#≈#≈#
#≈ ≈#
#.#.#.#
#. .#
#######
## ##


You could see a worm and a big kobold.

Vanquished Creatures
  An ogre (D:4)
  A phantom (D:4)
  2 big kobolds (Sewer)
  An orc priest (D:3)
  An orc wizard (D:3)
  Ijyb (D:2)
  7 adders
  3 green rats (Sewer)
  3 worms
  4 oozes
  4 orcs (D:3)
  8 giant cockroaches
  4 hobgoblins
  3 jackals (D:1)
  A quokka (D:3)
  3 ball pythons
  7 bats
  2 giant newts (D:1)
  A giant newt zombie (D:2)
  8 goblins
  13 kobolds
  7 rats
85 creatures vanquished.

Notes
Turn   | Place    | Note
--------------------------------------------------------------
     0 | D:1      | Kae, the Minotaur Fighter, began the quest for the Orb.
     0 | D:1      | Reached XP level 1. HP: 19/19 MP: 1/1
   132 | D:1      | Reached XP level 2. HP: 26/26 MP: 1/1
   297 | D:1      | Reached skill level 4 in Maces & Flails
   601 | D:2      | Reached XP level 3. HP: 31/31 MP: 2/2
   946 | D:2      | Found a basalt altar of Yredelemnul.
  1022 | D:2      | Reached skill level 5 in Maces & Flails
  1031 | D:2      | Found a burning altar of Makhleb.
  1181 | D:2      | Noticed Ijyb
  1190 | D:2      | Killed Ijyb
  1190 | D:2      | Reached XP level 4. HP: 27/39 MP: 2/2
  1585 | D:3      | Reached skill level 6 in Maces & Flails
  1586 | D:3      | Reached XP level 5. HP: 8/45 MP: 2/2
  1928 | D:3      | Found a shadowy altar of Dithmenos.
  2349 | D:4      | Noticed a phantom
  2355 | D:4      | Killed a phantom
  2355 | D:4      | Reached skill level 7 in Maces & Flails
  2414 | D:4      | Noticed an ogre
  2422 | D:4      | Killed an ogre
  2422 | D:4      | Reached XP level 6. HP: 9/51 MP: 3/3
  2655 | D:4      | Found a glowing golden altar of the Shining One.
  2694 | D:4      | Found a glowing drain.
  2712 | D:4      | Reached skill level 8 in Maces & Flails
  2953 | Sewer    | Entered a sewer
  3197 | Sewer    | Reached skill level 9 in Maces & Flails
  3695 | Sewer    | Reached XP level 7. HP: 48/57 MP: 3/3
  3746 | Sewer    | Slain by a worm

Action                   |  1- 3 |  4- 6 |  7- 9 || total
-------------------------+-------+-------+-------++-------
Melee: Flail             |   120 |   199 |    12 ||   331
  Use: Potion            |     1 |     1 |       ||     2
       Scroll            |       |     2 |       ||     2
